Map: [ESL] Ghost River

Players

GuMiho

  • Race: Terran Terran
  • Spawn Location: 1:00

Clem - Winner!

  • Race: Terran Terran
  • Spawn Location: 11:00

Event: ESL Spring 2024 Finals

VOD

Have the link to the VOD?

Description

Time

  • Played on: June 1, 2024, 1:40 p.m.
  • Length: 4:46

All games in this series

Show
View Real Time Build Order
Export as new Build Order

GuMiho Terran 

Build Orders:  

Get SALT Encoding   

  12  0:00  SCV  
  13  0:12  SCV  
  14  0:16  Supply Depot  
  14  0:24  SCV  
  14  0:27  Refinery  
  15  0:38  SCV  
  16  0:44  Barracks  
  16  0:50  SCV  
  17  1:02  SCV  
  18  1:14  SCV  
  19  1:30  Orbital Command  
  19  1:31  Marine  
  19  1:32  Supply Depot, Factory  
  20  1:49  Reaper  
  21  1:56  SCV  
  22  2:05  Command Center  
  22  2:08  SCV  
  25  2:15  Hellion  
  25  2:20  SCV  
  25  2:22  Reaper  
  27  2:25  Supply Depot  
  27  2:32  SCV  
  27  2:34  Refinery  
  30  2:37  Hellion  
  30  2:45  Starport  
  30  2:46  SCV  
  31  2:58  SCV  
  31  2:59  Barracks Reactor  
  31  3:00  Hellion  
  34  3:10  SCV  
  35  3:18  Orbital Command  
  35  3:21  Viking  
  35  3:22  Factory Tech Lab  
  35  3:23  SCV  
  38  3:27  Refinery  
  38  3:35  SCV  
  39  3:43  Siege Tank  
  39  3:44  Supply Depot  
  39  3:45  SCV  
  39  3:47  SCV, Marine  
  39  3:48  Marine  
  45  3:54  Viking  
  45  4:05  SCV x2, Marine  
  39  4:12  Marine  
  34  4:21  SCV  
  34  4:22  SCV  
  34  4:23  Marine  
Show
View Real Time Build Order
Export as new Build Order

Clem Terran - Winner!

Build Orders: Cyclone Opening 

Get SALT Encoding   

  12  0:00  SCV  
  13  0:12  SCV  
  14  0:17  Supply Depot  
  14  0:24  SCV  
  15  0:38  SCV  
  15  0:39  Barracks  
  16  0:43  Refinery  
  16  0:50  SCV  
  16  0:53  Refinery  
  17  1:02  SCV  
  18  1:14  SCV  
  19  1:25  Reaper  
  19  1:26  Orbital Command  
  19  1:31  Supply Depot  
  20  1:40  Factory  
  20  1:52  SCV  
  21  1:58  Reaper  
  22  2:04  SCV  
  23  2:15  Command Center  
  23  2:16  SCV  
  24  2:23  Hellion  
  24  2:29  SCV  
  27  2:32  Starport  
  27  2:38  Barracks Reactor  
  27  2:41  SCV  
  27  2:43  Supply Depot  
  28  2:50  Cyclone  
  30  2:53  SCV  
  31  3:05  SCV  
  32  3:08  Medivac  
  34  3:14  Marine x2  
  34  3:16  Refinery  
  34  3:17  SCV  
  37  3:23  Cyclone  
  39  3:27  Orbital Command  
  39  3:30  SCV  
  39  3:32  Marine  
  39  3:34  Marine  
  41  3:39  Starport Tech Lab  
  42  3:43  Supply Depot, SCV  
  43  3:50  Marine  
  43  3:52  Marine  
  43  3:54  SCV  
  46  3:56  Factory Tech Lab  
  46  3:58  SCV  
  44  4:06  SCV  
  43  4:10  SCV  
  43  4:11  Raven  
  43  4:13  Marine  
  47  4:21  SCV  
  47  4:23  SCV  
  53  4:34  SCV  
  53  4:38  Supply Depot  
Tags
 
Add a new tag
Caveats
  • Supply blocks, unpowered buildings, or Contaminate may cause inaccurate times.
  • Supply counts are checked every 10 seconds.